 Dungeon Crawl Stone Soup version 0.25.1-2-g60ff931df9 (webtiles) character file.

Game seed: 4482412970176520765

123636 DildoBatman the Geomancer (level 17, -1/140 HPs)
             Began as a Formicid Wizard on Oct 26, 2020.
             Was an Initiate of Gozag.
             Slain by a harpy (3 damage)
             ... on level 1 of the Shoals.
             The game lasted 01:52:30 (26138 turns).

DildoBatman the Geomancer (Formicid Wizard)        Turns: 26138, Time: 01:52:31

Health: -1/140     AC: 34    Str: 15    XL:     17   Next: 45%
Magic:  10/34      EV: 14    Int: 31    God:    Gozag
Gold:   6268       SH: 12    Dex:  9    Spells: 18/42 levels left

rFire    . . .     SeeInvis +   a - +5 mace of Ugui {pain, +Rage +Inv Int+4}
rCold    . . .     Gourm    .   c - +2 kite shield
rNeg     . . .     Faith    .   o - +3 troll leather armour
rPois    .         Spirit   .   (helmet unavailable)
rElec    .         Reflect  .   f - +0 cloak
rCorr    .         Harm     .   S - +2 pair of gloves "Gynkan" {*Slow Str+3 SInv Stlth+}
MR       +....                  R - +0 pair of boots (curse)
Stlth    +++.......             r - amulet of regeneration
HPRegen  1.13/turn              D - +4 ring of protection
MPRegen  0.24/turn              y - +4 ring of protection

@: icy armour, marked, gold aura
A: permanent stasis, dig shafts and tunnels, four strong arms, antennae 3,
iridescent scales 1, clever 1, robust 1, evolution 1
a: Dig, Shaft Self, Potion Petition, Call Merchant, Bribe Branch, Renounce
Religion, Evoke Invisibility


You were on level 1 of the Shoals.
You worshipped Gozag.
Gozag was greatly pleased with you.
You were full.

You visited 5 branches of the dungeon, and saw 25 of its levels.
You also visited: Gauntlet.

You collected 7046 gold pieces.
You spent 213 gold pieces at shops.
You paid 565 gold pieces to Gozag.

Inventory:

Hand Weapons
 a - the +5 mace of Ugui (weapon) {pain, +Rage +Inv Int+4}
   (You took it off an ogre mage on level 11 of the Dungeon)

   In the hands of one skilled in necromantic magic, it inflicts extra damage on
   living creatures.
   It affects your intelligence (+4).
   It lets you turn invisible.
   It lets you go berserk.
 b - the +8 arbalest of Light {elec, rN+ Str+2 Int+3}
   (You found it in a Gauntlet)

   It charges the ammunition it shoots with electricity; occasionally upon a
   hit, such missiles may discharge and cause terrible harm.
   It affects your strength (+2).
   It affects your intelligence (+3).
   It protects you from negative energy.
 e - the +0 trident "Seheopemum" {venom, rElec rF+ Int+2 Stlth-}
   (You found it in a Gauntlet)

   It poisons the flesh of those it strikes.
   It affects your intelligence (+2).
   It protects you from fire.
   It insulates you from electricity.
   It makes you less stealthy.
Missiles
 g - 243 bolts
 p - 447 arrows
 q - 2 throwing nets (quivered)
 K - 246 sling bullets
 V - 22 javelins
Armour
 c - a +2 kite shield (worn)
 f - a +0 cloak (worn)
 o - a +3 troll leather armour (worn)
 R - a cursed +0 pair of boots (worn)
 S - the +2 pair of gloves "Gynkan" (worn) {*Slow Str+3 SInv Stlth+}
   (You found it in a Gauntlet)

   It affects your strength (+3).
   It lets you see invisible.
   It may slow you when you take damage.
   It makes you more stealthy.
Magical Staves
 W - an uncursed staff of poison
Jewellery
 h - a +4 ring of slaying
 r - an amulet of regeneration (around neck)
 y - a +4 ring of protection (right hand)
 D - a +4 ring of protection (left hand)
 Z - an uncursed ring of protection from fire
Wands
 H - a wand of iceblast (19)
 N - a wand of acid (18)
Scrolls
 i - a scroll of amnesia
 j - 8 scrolls of immolation
 l - 4 scrolls of enchant weapon {unknown}
 x - 8 scrolls of remove curse
 z - 9 scrolls of identify
 B - 2 scrolls of noise {unknown}
 C - 5 scrolls of magic mapping
 E - 3 scrolls of fog
 J - a scroll of vulnerability {unknown}
 L - a scroll of acquirement {unknown}
 M - a scroll of brand weapon {unknown}
 P - 3 scrolls of fear {unknown}
 Q - 2 scrolls of enchant armour
 Y - 6 scrolls of blinking {unknown}
Potions
 d - a potion of flight {unknown}
 k - a potion of might {unknown}
 m - a potion of ambrosia {unknown}
 n - a potion of haste {unknown}
 s - 3 potions of magic
 t - 5 potions of degeneration {unknown}
 u - 4 potions of cancellation {unknown}
 w - 17 potions of curing
 A - a potion of stabbing {unknown}
 F - 3 potions of heal wounds
 G - 4 potions of brilliance
 X - a potion of resistance {unknown}
Miscellaneous
 O - a lightning rod (4/4)
 T - a box of beasts
Comestibles
 v - 29 rations


   Skills:
 - Level 10.0 Fighting
 - Level 10.0 Armour
 - Level 7.0 Dodging
 - Level 2.4 Stealth
 - Level 9.0 Shields
 - Level 13.0 Spellcasting
 - Level 5.1 Conjurations
 - Level 6.0 Charms
   Level 1.0 Summonings
 * Level 12.5 Necromancy
   Level 0.8 Translocations
 - Level 5.0 Fire Magic
 - Level 6.0 Ice Magic
 - Level 4.0 Air Magic
 * Level 14.7 Earth Magic
 - Level 4.0 Poison Magic


You had 18 spell levels left.
You knew the following spells:

 Your Spells              Type           Power        Failure   Level  Hunger
a - Conjure Flame         Conj/Fire      ######..     1%          3    None
b - Borgnjor's Vile Clut  Necr/Erth      #######...   1%          5    None
c - Magic Dart            Conj           ####         1%          1    None
d - Vampiric Draining     Necr           #######...   1%          3    None
e - Mephitic Cloud        Conj/Pois/Air  #####...     1%          3    None
g - Ozocubu's Armour      Chrm/Ice       ######..     1%          3    None
h - Dispel Undead         Necr           #######.     1%          4    None
z - Sublimation of Blood  Necr           #######...   1%          2    None

Your spell library contained the following spells:

 Spells                   Type           Power        Failure   Level  Hunger
 Animate Skeleton         Necr           N/A          0%          1    None
 Pain                     Necr           ####         0%          1    None
 Apportation              Tloc           ####..       1%          1    None
 Freeze                   Ice            ####         1%          1    None
 Shock                    Conj/Air       ####         1%          1    None
 Summon Butterflies       Summ           ####....     1%          1    None
 Summon Small Mammal      Summ           ####         1%          1    None
 Ensorcelled Hibernation  Hex/Ice        #####.       1%          2    None
 Searing Ray              Conj           ######       1%          2    None
 Frozen Ramparts          Ice            ######       1%          3    None
 Static Discharge         Conj/Air       #####...     1%          3    None
 Animate Dead             Necr           N/A          1%          4    None
 Agony                    Necr           #######.     1%          5    None
 Excruciating Wounds      Chrm/Necr      ######....   1%          5    None
 Corona                   Hex            ###....      2%          1    None
 Call Imp                 Summ           ####....     2%          2    None
 Dazzling Flash           Conj/Hex       #####.       3%          3    None
 Hailstorm                Conj/Ice       ######..     3%          4    None
 Slow                     Hex            ###.....     4%          2    None
 Call Canine Familiar     Summ           ####....     5%          3    None
 Airstrike                Air            #####.....   5%          4    None
 Summon Ice Beast         Ice/Summ       #####...     7%          4    None
 Confusing Touch          Hex            ###.....     9%          3    None
 Tukima's Dance           Hex            ###.....     9%          3    None
 Ice Form                 Ice/Tmut       #####...     9%          4    None
 Iskenderun's Mystic Bla  Conj/Tloc      #####...     9%          4    None
 Fulminant Prism          Conj/Hex       #####.....   10%         4    None
 Simulacrum               Ice/Necr       ######....   10%         6    ####...
 Lightning Bolt           Conj/Air       #####.....   12%         5    None
 Metabolic Englaciation   Hex/Ice        #####.....   22%         5    None
 Ozocubu's Refrigeration  Ice            ######....   36%         6    ####...
 Freezing Cloud           Conj/Ice/Air   ######....   50%         6    ####...
 Summon Mana Viper        Hex/Summ       ###.....     54%         5    None
 Borgnjor's Revivificati  Necr           #######...   73%         8    #######
 Infestation              Necr           #######...   73%         8    #######
 Haunt                    Necr/Summ      ######....   83%         7    #####..
 Death's Door             Chrm/Necr      ######....   99%         8    #######
 Summon Hydra             Summ           ####......   100%        7    #####..
 Necromutation            Tmut/Necr      ######....   100%        8    #######
 Swiftness                Chrm/Air       Unusable     N/A         2    N/A
 Blink                    Tloc           Unusable     N/A         2    N/A

Dungeon Overview and Level Annotations

Branches:
Dungeon (15/15)            Temple (1/1) D:5            Lair (6/6) D:10
 Shoals (1/4) Lair:2        Snake (0/4) Lair:4        Slime (0/5) Lair:6
    Orc (2/2) D:11            Elf (0/3) Orc:2        Vaults (0/5) D:13
 Depths (0/5) D:15        Gauntlet (visited)

Altars:
Ashenzari
Cheibriados
Dithmenos
Elyvilon
Fedhas
Gozag
Hepliaklqana
Kikubaaqudgha
Makhleb
Nemelex Xobeh
Okawaru
Qazlal
Ru
Sif Muna
Trog
Uskayaw
Vehumet
Wu Jian
Xom
Yredelemnul
Zin
The Shining One

Shops:
D:4 ?   Orc:2 ([*=

Annotations:
D:7 1 exclusion
D:15 1 exclusion


Innate Abilities, Weirdness & Mutations

You cannot be hasted, slowed, berserked, paralysed or teleported.
You can dig through walls and to a lower floor.
Your four strong arms can wield two-handed weapons with a shield.
You have a pair of large antennae on your head. (SInv)
You are partially covered in iridescent scales. (AC +2)
Your mind is acute. (Int +2)
You are robust. (+10% HP)
You evolve.


Message History

Aim: a harpy The harpy is moderately wounded.
You feel life coursing into your body.
The zombie hands constrict the harpy!
You kill the harpy!
The harpy barely misses you. You block the harpy's attack.
The harpy claws you but does no damage. The harpy barely misses you.
The harpy closely misses you. The harpy misses you.
You block the harpy's attack. The harpy closely misses you.
The harpy claws you but does no damage. The harpy completely misses you.
The harpy claws you! The harpy closely misses you. The harpy claws you.
You die...
Your body crumbles into a pile of gold.

.≈≈.. #≈≈≈...≈≈...≈≈.[..≈≈ .....
#≈≈.....≈≈.≈≈≈.....≈
#....##≈≈..#..≈≈≈≈≈≈......
#...≈≈≈≈≈.....≈≈≈≈≈≈≈.....
##..≈≈≈≈≈≈≈...≈≈≈≈≈≈≈≈.....
...≈≈≈≈...≈≈≈≈≈≈≈≈≈≈≈≈≈...?
≈≈≈≈≈≈....$≈≈≈≈≈≈≈≈≈≈≈≈≈...
≈≈≈≈≈....H$H≈≈≈≈≈≈≈≈≈≈≈≈≈≈. ≈≈≈≈≈
≈≈≈≈≈...##@H≈≈≈≈≈≈≈≈≈≈≈≈≈≈≈
≈≈≈≈≈≈≈≈≈≈≈.......≈≈≈≈≈≈≈≈≈≈≈≈≈≈≈
≈≈≈≈≈≈≈≈≈≈≈≈.....≈≈≈≈≈≈≈≈≈≈≈≈≈≈≈≈
≈≈≈≈≈≈≈≈≈≈≈≈≈...≈≈≈≈≈≈≈≈≈≈≈≈≈≈≈≈≈
..≈≈≈≈≈≈≈≈≈≈≈≈≈≈≈≈≈≈≈≈≈≈≈≈≈≈≈≈≈≈≈
...≈≈≈≈≈≈≈≈≈≈≈≈≈...≈≈≈≈≈≈≈≈≈≈≈≈≈≈
≈...≈≈≈≈≈≈≈≈≈≈.....).≈≈≈≈≈≈≈≈≈≈≈≈
≈≈≈..≈≈≈≈≈≈≈≈≈.......≈≈≈≈≈≈≈≈≈≈≈≈
≈≈≈≈≈≈≈≈≈≈≈≈≈≈≈≈≈#≈...≈≈≈≈≈≈≈≈≈≈≈


You could see 3 harpies.

Vanquished Creatures
  Rupert (D:12)
  Gastronok (Lair:3)
  2 orc warlords (Orc:2)
  An ironheart preserver (D:13)
  A minotaur (Gauntlet)
  A dire elephant (D:15)
  Josephine (D:13)
  3 centaur warriors
  7 hydras
  6 two-headed ogres
  A catoblepas (Lair:6)
  An ogre mage (D:11)
  2 merfolk aquamancers (Shoals:1)
  7 death yaks
  2 thrashing horrors (Gauntlet)
  5 orc high priests
  4 sea snakes (Shoals:1)
  6 skeletal warriors
  2 unseen horrors (D:12)
  A wizard (D:14)
  2 lindwurms (Lair:6)
  5 orc knights
  Pikel (D:8)
  6 harpies (Shoals:1)
  4 orc sorcerers
  2 deep elf magi (D:15)
  A frost giant zombie (D:14)
  3 cyclopes
  An oklob plant (Lair:2)
  5 fauns (Shoals:1)
  13 ugly things
  A wolf spider (D:15)
  2 merfolk sirens (Shoals:1)
  9 elephants
  Maurice (D:8)
  9 manticores
  The ghost of MilkNation the Chopper, a novice GrFi of Okawaru (D:7)
  2 torpor snails (Lair:6)
  3 black mambas
  Joseph (D:8)
  6 centaur zombies
  3 gargoyles
  A black mamba (shapeshifter) (D:11)
  11 spiny frogs
  5 komodo dragons
  A death yak zombie (Lair:1)
  3 yaktaurs (D:15)
  3 rime drakes (Lair:6)
  A freezing wraith (D:7)
  A redback zombie (D:13)
  A death yak skeleton (Lair:1)
  2 kobold demonologists (D:15)
  A catoblepas zombie (Lair:1)
  5 merfolk (Shoals:1)
  5 trolls
  2 tengu conjurers (D:14)
  A hydra zombie (D:13)
  9 polar bears (Lair:6)
  Prince Ribbit (D:5)
  6 meliai
  3 snapping turtles (Shoals:1)
  A meliai zombie (D:13)
  16 blink frogs
  18 hippogriffs
  3 dream sheep (Lair:6)
  2 raiju (Lair:6)
  6 slime creatures
  2 black mamba zombies (Lair:1)
  3 shadows
  A spriggan (D:10)
  5 wraiths (D:13)
  5 wyverns
  Sigmund (D:6)
  A vampire (D:8)
  2 water elementals (Shoals:1)
  4 hungry ghosts
  66 yaks
  4 basilisks
  A basilisk (shapeshifter) (D:13)
  A black mamba skeleton (Lair:1)
  A steam dragon (Lair:2)
  3 vampire mosquitoes (D:14)
  9 wargs
  A two-headed ogre zombie (D:15)
  A human zombie (D:15)
  2 acid dragons
  A tengu zombie (D:12)
  A soldier ant (D:11)
  A two-headed ogre skeleton (D:15)
  8 porcupines
  A spiny frog zombie (Lair:1)
  36 orc warriors
  7 water moccasins
  15 hell hounds (Lair:6)
  A human skeleton (D:12)
  A dream sheep zombie (Lair:1)
  An eye of draining (D:11)
  A spiny frog skeleton (Lair:1)
  4 ice beasts
  4 slaves (D:8)
  2 phantoms
  A hornet zombie (D:15)
  4 sky beasts
  12 black bears
  3 elf zombies
  4 boggarts (D:14)
  A necrophage (D:4)
  A torpor snail zombie (Lair:1)
  33 wolves
  17 ogres
  8 centaurs
  9 crocodiles
  2 komodo dragon zombies (Lair:1)
  7 big kobolds
  12 bullfrogs
  3 cyclops zombies
  A komodo dragon skeleton (Lair:1)
  A warg zombie (Orc:2)
  5 scorpions
  A water moccasin skeleton (D:12)
  3 killer bees (D:12)
  A troll zombie (Orc:2)
  3 wights (D:12)
  A yak skeleton (Lair:1)
  2 howler monkeys
  8 crimson imps
  2 bullfrog zombies
  11 hounds
  9 centaur skeletons
  26 orc priests
  2 bullfrog skeletons
  5 jellies
  Ijyb (D:3)
  5 iguanas
  41 orc wizards
  Terence (D:1)
  11 worker ants
  2 small abominations (Gauntlet)
  An acid dragon zombie (D:15)
  A crocodile zombie (Lair:1)
  A sky beast zombie (D:15)
  A bullfrog simulacrum (D:11)
  4 ogre zombies
  2 ogre skeletons
  2 hound skeletons
  A worker ant zombie (D:10)
  8 orc zombies
  10 adders
  4 gnolls (D:7)
  A howler monkey skeleton (D:5)
  6 orc skeletons
  A scorpion zombie (D:13)
  6 shadow imps
  2 oozes (Lair:6)
  A worm zombie (D:13)
  An adder skeleton (D:6)
  2 worms
  A dart slug (D:2)
  5 leopard geckos
  157 orcs
  A bat skeleton (D:14)
  2 giant cockroaches (D:4)
  4 goblins
  4 hobgoblins
  7 jackals
  29 kobolds
  6 quokkas
  9 bats
  4 frilled lizards
  A goblin zombie (D:14)
  A jackal skeleton (D:12)
  A quokka zombie (D:15)
  6 rats
  A bush (Lair:2)
  A butterfly (Lair:4)
  A plant (Lair:6)
996 creatures vanquished.

Vanquished Creatures (others)
  A quasit (D:10)
  An orc wizard (D:11)
  An orc (D:11)
  7 fungi (Lair:6)
  19 plants
29 creatures vanquished.

Grand Total: 1025 creatures vanquished

Notes
Turn   | Place    | Note
-------+----------+-------------------------------------------
     0 | D:1      | DildoBatman the Formicid Wizard began the quest for the
                  | Orb.
     0 | D:1      | Reached XP level 1. HP: 13/13 MP: 4/4
    10 | D:1      | Reached skill level 1 in Conjurations
   254 | D:1      | Reached XP level 2. HP: 19/19 MP: 1/6
   835 | D:2      | Reached XP level 3. HP: 24/24 MP: 5/7
  1151 | D:2      | Reached XP level 4. HP: 26/30 MP: 2/8
  1156 | D:2      | Learned a level 3 spell: Conjure Flame
  1160 | D:2      | Learned a level 3 spell: Mephitic Cloud
  1169 | D:2      | Noticed an ogre
  1311 | D:2      | Killed an ogre
  1311 | D:2      | Reached XP level 5. HP: 29/35 MP: 6/9
  1666 | D:2      | Noticed Terence
  1689 | D:2      | Reached skill level 1 in Fire Magic
  1689 | D:2      | Reached skill level 1 in Poison Magic
  1689 | D:2      | Reached XP level 6. HP: 41/41 MP: 5/10
  1790 | D:2      | Reached skill level 1 in Air Magic
  2365 | D:3      | Noticed Ijyb
  2559 | D:3      | Reached skill level 1 in Shields
  3173 | D:4      | Reached XP level 7. HP: 45/46 MP: 11/11
  3589 | D:4      | Reached skill level 5 in Conjurations
  3626 | D:4      | Found Fysaweasch's Magic Scroll Shop.
  3960 | D:4      | Bought a scroll of remove curse for 33 gold pieces
  3960 | D:4      | Bought a scroll of immolation for 38 gold pieces
  3960 | D:4      | Bought a scroll of random uselessness for 11 gold pieces
  4276 | D:4      | Reached XP level 8. HP: 45/52 MP: 6/12
  4306 | D:5      | Entered Level 5 of the Dungeon
  4378 | D:5      | Noticed Prince Ribbit
  4450 | D:5      | Found a staircase to the Ecumenical Temple.
  4460 | Temple   | Entered the Ecumenical Temple
  4631 | Temple   | Became a worshipper of Kikubaaqudgha
  4915 | D:1      | Killed Terence
  5046 | D:3      | Killed Ijyb
  5640 | D:5      | Killed Prince Ribbit
  5640 | D:5      | Reached skill level 5 in Shields
  6029 | D:6      | Reached * piety under Kikubaaqudgha
  6029 | D:6      | Identified Kikubaaqudgha's Reference Book on Necromancy
                  | (Kikubaaqudgha gifted it to you on level 6 of the Dungeon)
  6029 | D:6      | Received a gift from Kikubaaqudgha
  6029 | D:6      | Reached XP level 9. HP: 57/57 MP: 13/13
  6150 | D:6      | Reached skill level 5 in Fire Magic
  6406 | D:6      | Learned a level 2 spell: Sublimation of Blood
  6410 | D:6      | Learned a level 3 spell: Vampiric Draining
  6552 | D:6      | Noticed Sigmund
  6563 | D:6      | Killed Sigmund
  6789 | D:7      | Reached ** piety under Kikubaaqudgha
  6942 | D:7      | Found a runed translucent door.
  6943 | D:7      | Noticed a freezing wraith
  6944 | D:7      | Noticed MilkNation's ghost (novice GrFi)
  7386 | D:8      | Noticed a hippogriff
  7405 | D:8      | Killed a hippogriff
  7405 | D:8      | Reached skill level 1 in Fighting
  7405 | D:8      | Reached skill level 1 in Armour
  7405 | D:8      | Reached XP level 10. HP: 56/65 MP: 13/17
  7656 | D:8      | Noticed Maurice
  7676 | D:8      | Killed Maurice
  7676 | D:8      | Reached skill level 5 in Spellcasting
  7810 | D:8      | Found an iron altar of Okawaru.
  7810 | D:8      | Found a stormy altar of Qazlal.
  7822 | D:8      | Noticed Joseph
  7852 | D:8      | Killed Joseph
  7890 | D:8      | Noticed Pikel
  7917 | D:8      | Killed Pikel
  8293 | D:9      | Noticed a skeletal warrior
  8293 | D:9      | Noticed a skeletal warrior
  8295 | D:9      | Noticed a skeletal warrior
  8578 | D:9      | Killed a skeletal warrior
  8627 | D:9      | Killed a skeletal warrior
  8627 | D:9      | Reached XP level 11. HP: 58/78 MP: 4/20
  8848 | D:9      | Reached *** piety under Kikubaaqudgha
  8848 | D:9      | Identified Kikubaaqudgha's Incunabulum of Unholy Rites
                  | (Kikubaaqudgha gifted it to you on level 9 of the Dungeon)
  8848 | D:9      | Received a gift from Kikubaaqudgha
  8855 | D:9      | Learned a level 4 spell: Dispel Undead
  8861 | D:9      | Learned a level 5 spell: Borgnjor's Vile Clutch
  8933 | D:9      | Reached skill level 1 in Necromancy
  9536 | D:10     | Entered Level 10 of the Dungeon
  9539 | D:10     | Noticed a cyclops
  9563 | D:10     | Killed a cyclops
  9565 | D:10     | Noticed a two-headed ogre
  9649 | D:10     | Reached skill level 5 in Necromancy
  9859 | D:10     | Killed a two-headed ogre
  9859 | D:10     | Reached skill level 2 in Earth Magic
  9911 | D:10     | Noticed a two-headed ogre
  9958 | D:10     | Reached skill level 3 in Earth Magic
  9962 | D:10     | Killed a two-headed ogre
  9981 | D:10     | Reached skill level 4 in Earth Magic
 10144 | D:10     | Noticed an elephant
 10165 | D:10     | Killed an elephant
 10181 | D:10     | Reached XP level 12. HP: 29/85 MP: 15/21
 10226 | D:10     | Found a staircase to the Lair.
 10339 | D:10     | Reached **** piety under Kikubaaqudgha
 10476 | D:10     | Reached skill level 5 in Earth Magic
 10702 | D:11     | Noticed a two-headed ogre
 10719 | D:11     | Identified the +5 mace of Ugui {pain, +Rage +Inv Int+4}
 10719 | D:11     | Noticed an ogre mage
 10725 | D:11     | Killed a two-headed ogre
 10725 | D:11     | Reached skill level 6 in Earth Magic
 10827 | D:11     | Noticed a seven-headed hydra
 10916 | D:10     | Reached skill level 7 in Earth Magic
 11089 | D:4      | Bought a scroll of enchant armour for 82 gold pieces
 11378 | D:11     | Noticed a six-headed hydra
 11467 | D:10     | Killed a six-headed hydra
 11467 | D:10     | Reached skill level 8 in Earth Magic
 11542 | D:11     | Noticed a two-headed ogre
 11592 | D:11     | Killed a two-headed ogre
 11592 | D:11     | Reached skill level 9 in Earth Magic
 11621 | D:11     | Killed an ogre mage
 11728 | D:11     | Reached skill level 10 in Earth Magic
 11979 | D:11     | Killed a seven-headed hydra
 12021 | D:11     | Reached skill level 11 in Earth Magic
 12256 | D:11     | Found a staircase to the Orcish Mines.
 12279 | D:11     | Reached ***** piety under Kikubaaqudgha
 12285 | D:11     | Reached skill level 5 in Armour
 12290 | D:11     | Reached skill level 5 in Fighting
 12293 | D:11     | Reached XP level 13. HP: 44/91 MP: 11/23
 12305 | D:11     | Reached skill level 5 in Dodging
 12378 | Orc:1    | Entered Level 1 of the Orcish Mines
 12808 | Orc:2    | Entered Level 2 of the Orcish Mines
 12886 | Orc:2    | Learned a level 3 spell: Ozocubu's Armour
 12898 | Orc:2    | Gained mutation: Your mind is acute. (Int +2) [potion of
                  | mutation]
 12898 | Orc:2    | Gained mutation: You evolve. [potion of mutation]
 12898 | Orc:2    | Gained mutation: You rapidly evolve. [potion of mutation]
 12931 | Orc:2    | Found a staircase to the Elven Halls.
 12945 | Orc:2    | Found a gate leading to a gauntlet.
 13017 | Orc:2    | Reached skill level 1 in Charms
 13017 | Orc:2    | Reached skill level 1 in Ice Magic
 13049 | Gauntlet | Entered a Gauntlet
 13049 | Gauntlet | Found a transporter.
 13049 | Gauntlet | Found a transporter.
 13049 | Gauntlet | Found a transporter.
 13059 | Gauntlet | Found a transporter.
 13069 | Gauntlet | Found a transporter.
 13084 | Gauntlet | Found a transporter.
 13093 | Gauntlet | Noticed a catoblepas
 13094 | Gauntlet | Found a transporter.
 13109 | Gauntlet | Found a transporter.
 13115 | Gauntlet | Found a transporter.
 13137 | Gauntlet | Found a transporter.
 13162 | Gauntlet | Found a transporter.
 13165 | Gauntlet | Found a transporter.
 13328 | Gauntlet | Got a twisted trident
 13383 | Gauntlet | Got a brightly glowing arbalest
 13389 | Gauntlet | Got a pair of bloodstained gloves
 13427 | Gauntlet | Identified the +0 trident "Seheopemum" {venom, rElec rF+
                  | Int+2 Stlth-} (You found it in a Gauntlet)
 13428 | Gauntlet | Identified the +8 arbalest of Light {elec, rN+ Str+2 Int+3}
                  | (You found it in a Gauntlet)
 13465 | Gauntlet | Noticed a minotaur
 13472 | Gauntlet | Killed a minotaur
 13733 | Orc:2    | Noticed an orc warlord
 13760 | Orc:2    | Gained mutation: You are robust. (+10% HP) [evolution]
 13813 | Orc:2    | Reached ****** piety under Kikubaaqudgha
 13840 | Orc:1    | Received a gift from Kikubaaqudgha
 13845 | Orc:1    | Fell from the grace of Kikubaaqudgha
 14018 | Temple   | Became a worshipper of Gozag Ym Sagoz the Greedy
 14322 | D:7      | Killed MilkNation's ghost
 14619 | Orc:2    | Noticed an orc warlord
 14648 | Orc:2    | Killed an orc warlord
 14648 | Orc:2    | Reached XP level 14. HP: 41/114 MP: 2/24
 14741 | Orc:2    | Killed an orc warlord
 15209 | Orc:2    | Found Gacwoinia's Antique Armour Boutique.
 15210 | Orc:2    | Found Firau's Antique Weapon Boutique.
 15211 | Orc:2    | Found Esaheruiha's General Store.
 15211 | Orc:2    | Found Bibuxas's Jewellery Shop.
 15215 | Orc:2    | Bought a scroll of amnesia for 49 gold pieces
 15581 | D:12     | Noticed Rupert
 15606 | D:12     | Killed Rupert
 15628 | D:12     | Reached skill level 5 in Charms
 15628 | D:12     | Reached skill level 5 in Ice Magic
 15917 | D:12     | Identified the +2 pair of gloves "Gynkan" {*Slow Str+3 SInv
                  | Stlth+} (You found it in a Gauntlet)
 16358 | D:13     | Noticed Josephine
 16377 | D:13     | Killed Josephine
 16667 | D:13     | Found a gate to the Vaults.
 16667 | D:13     | Noticed an ironheart preserver
 16682 | D:13     | Killed an ironheart preserver
 16862 | D:13     | Reached XP level 15. HP: 125/125 MP: 7/27
 16984 | D:13     | Found an opulent altar of Gozag.
 17229 | D:13     | Gained mutation: You expend magic power (3 MP) to
                  | strengthen your wands. [evolution]
 17658 | D:14     | Reached skill level 10 in Fighting
 17659 | D:14     | Reached skill level 10 in Armour
 17832 | D:14     | Got an encrusted leather armour
 17843 | D:14     | Identified the cursed +0 leather armour "Xuud" {Regen+
                  | MP+9} (You found it on level 14 of the Dungeon)
 18052 | D:14     | Reached skill level 10 in Spellcasting
 18485 | D:15     | Entered Level 15 of the Dungeon
 18665 | D:15     | Gained mutation: You are partially covered in iridescent
                  | scales. (AC +2) [evolution]
 18665 | D:15     | Lost mutation: You rapidly evolve. [decline of evolution]
 19110 | D:15     | Found a staircase to the Depths.
 19567 | Lair:1   | Entered Level 1 of the Lair of Beasts
 20127 | Lair:1   | Was forgiven by Kikubaaqudgha
 20561 | Lair:2   | Reached XP level 16. HP: 117/134 MP: 7/32
 20938 | Lair:2   | Found a staircase to the Shoals.
 21483 | Lair:3   | Noticed Gastronok
 21490 | Lair:3   | Killed Gastronok
 22592 | Lair:4   | Found a staircase to the Snake Pit.
 23172 | Lair:5   | Reached skill level 10 in Necromancy
 23172 | Lair:5   | Reached skill level 12 in Earth Magic
 23705 | Lair:6   | Entered Level 6 of the Lair of Beasts
 23889 | Lair:6   | Found a staircase to the Slime Pits.
 24238 | Lair:6   | Reached skill level 13 in Earth Magic
 24482 | Lair:6   | Found a shimmering altar of Xom.
 24768 | Lair:6   | Reached XP level 17. HP: 124/140 MP: 2/34
 24984 | Lair:6   | Reached skill level 14 in Earth Magic
 25468 | Shoals:1 | Entered Level 1 of the Shoals
 25568 | Shoals:1 | Lost mutation: You expend magic power (3 MP) to strengthen
                  | your wands. [evolution]
 26136 | Shoals:1 | HP: 5/140 [harpy (15)]
 26137 | Shoals:1 | HP: 1/140 [harpy (7)]
 26138 | Shoals:1 | Slain by a harpy

Illustrated notes

Levels and vault maps discovered:
D:1:      dpeg_arrival_long_road, layout_basic
D:2:      cheibrodos_pilgrimage, layout_basic, uniq_terence
D:3:      layout_loops_corners, uniq_ijyb
D:4:      layout_rooms, serial_shops, shop, minmay_crossroads
D:5:      layout_gridville, minmay_temple_entry_stoned_glass, first_ration,
          uniq_prince_ribbit1
D:6:      layout_basic, uniq_sigmund
D:7:      layout_cave_pools, ebering_ghost_inner_flame,
          corexii_item_surrounded_by_moat
D:8:      layout_cave_pods, gammafunk_temple_overflow_wave, uniq_pikel,
          uniq_joseph, uniq_maurice
D:9:      layout_gridville
D:10:     layout_irregular_city, david_lair_generic, the_bakery
D:11:     minmay_the_grid_octo_tiled_squarecenter_mashed
          [minmay_the_grid_octo_checkerflower, minmay_the_grid_octo_clover_2,
          minmay_the_grid_octo_horde, minmay_the_grid_octo_thin_diamonds,
          minmay_the_grid_square_5x5_megaprize_crossed,
          minmay_the_grid_square_5x5_meh, minmay_the_grid_square_5x5_slash,
          minmay_the_grid_square_5x5_checkered_statues,
          minmay_the_grid_square_5x5_beaten_path], layout_irregular_city,
          orc_0_dummy
D:12:     layout_loops_cross, kb_rosetta, uniq_rupert
D:13:     layout_irregular_city, skrybe_vaults_entry_preservation,
          nicolae_gozag_seed_capital, uniq_josephine
D:14:     layout_irregular_city
D:15:     hangedman_depths_entry_try_elsewhere_first, layout_rooms,
          nrook_campfire, drop_trap, roderic_nine_men_s_morris
Temple:   regret_index_temple_chain_breaker
Lair:1:   layout_chaotic_city, infiniplex_staircase_pool_2, grunt_megastairs_3
Lair:2:   layout_regular_city, elwin_shoals_entry_rocks,
          minmay_lair_oklob_bushes, st_stairs_10
Lair:3:   layout_cave_pods, uniq_gastronok
Lair:4:   layout_cave_pods, dummy_snake_entry, lemuel_fruit_fields,
          grunt_megastairs_1
Lair:5:   layout_loops_ring, nicolae_lair_grove_arrangements
Lair:6:   hangedman_lair_caniforms_friends, layout_small_grid,
          hangedman_lair_in_review, nicolae_slime_entry_slimehenge, basic_altar,
          chequers_serial_rivers_large_b
Shoals:1: nicolae_shoals_island_circles, layout_shoals
Orc:1:    layout_diamond_mine, serial_shops
Orc:2:    st_orc_congregation, layout_caves, gauntlet_entry_generic,
          minmay_orc_barracks

Skill      XL: |  1  2  3  4  5  6  7  8  9 10 11 12 13 14 15 16 17 |
---------------+----------------------------------------------------+-----
Conjurations   | 1 2 3 4 5 |  5.1
Fire Magic     | 1 2 4 5 |  5.0
Poison Magic   | 1 2 3 4 |  4.0
Air Magic      | 1 2 3 4 |  4.0
Shields        | 2 3 5 9 |  9.0
Spellcasting   | 4 6 7 8 12 13 | 13.0
Fighting       | 1 4 5 7 9 10 | 10.0
Armour         | 1 4 5 7 9 10 | 10.0
Dodging        | 2 4 6 7 |  7.0
Necromancy     | 8 9 11 12 | 12.5
Earth Magic    | 4 11 13 14 | 14.7
Charms         | 3 5 6 |  6.0
Ice Magic      | 3 5 6 |  6.0
Stealth        | |  2.4
Summonings     | |  1.0
Translocations | |  0.8

Action                   |  1- 3 |  4- 6 |  7- 9 | 10-12 | 13-15 | 16-18 || total
-------------------------+-------+-------+-------+-------+-------+-------++-------
Melee: Dagger            |     4 |       |    84 |   231 |       |       ||   319
       Short sword       |     8 |    29 |    14 |       |       |       ||    51
       Mace              |       |    27 |   253 |   262 |   764 |   297 ||  1603
       Broad axe         |       |       |       |       |     6 |       ||     6
 Fire: Shortbow          |       |       |       |    17 |       |       ||    17
       Arbalest          |       |       |       |       |    47 |    38 ||    85
 Cast: Magic Dart        |    53 |    64 |    78 |    39 |    13 |    26 ||   273
       Conjure Flame     |       |     1 |    15 |    41 |    72 |    12 ||   141
       Mephitic Cloud    |       |     5 |    32 |    35 |    32 |     3 ||   107
       Borgnjor's Vile C |       |       |       |    29 |   136 |   168 ||   333
       Sublimation of Bl |       |       |       |    11 |    62 |    50 ||   123
       Dispel Undead     |       |       |       |     6 |    26 |       ||    32
       Vampiric Draining |       |       |       |       |    13 |     3 ||    16
       Ozocubu's Armour  |       |       |       |       |    39 |    20 ||    59
Invok: Receive Necronomi |       |       |       |       |     1 |       ||     1
       Renounce Religion |       |       |       |       |     1 |       ||     1
 Abil: Dig               |       |     7 |    11 |    37 |    28 |     6 ||    89
Evoke: Wand              |     2 |     6 |     3 |       |       |       ||    11
  Use: Scroll            |       |       |     1 |     3 |     9 |       ||    13
       Potion            |       |       |       |     1 |     1 |       ||     2
 Stab: Sleeping          |     1 |     3 |     2 |       |       |       ||     6
       Confused          |       |     2 |     5 |    12 |     4 |       ||    23
       Distracted        |       |       |       |       |     3 |     4 ||     7
  Eat: Chunk             |     1 |     8 |    19 |    27 |    17 |       ||    72
       Ration            |       |       |       |     1 |    12 |     6 ||    19
Armor: Robe              |     3 |    11 |    83 |    85 |       |       ||   182
       Troll leather arm |       |       |       |    54 |   467 |   276 ||   797
Dodge: Dodged            |    19 |    32 |   199 |   260 |   602 |   348 ||  1460
Block: Buckler           |       |     6 |    45 |       |       |       ||    51
       Kite shield       |       |       |    88 |   428 |   791 |   405 ||  1712
